ORI
FLORIDA STATE UNIVERSITY SEMINOLES @ UNIVERSITY OF ALABAMA CRIMSON TIDE
10/09/2049
 
TOP OF THE 1ST
Florida State University Seminoles batting - Pitching for University of Alabama Crimson Tide : LHP Bei Tsung
Pitching: LHP Bei Tsung
Batting: SHB Jon Odle 0-0: Called Strike
0-1: Foul Ball, location: 2F
0-2: Strikes out looking
Batting: RHB George Smienk 0-0: Called Strike
0-1: Swinging Strike
0-2: Foul Ball, location: 2F
0-2: Ball
1-2: Ground out 5-3 (Groundball, 56, EV 100.6 MPH)
Batting: LHB John Doiron 0-0: Called Strike
0-1: Ball
1-1: SINGLE (Groundball, 34S, EV 81.2 MPH) (infield hit)
Batting: RHB Julio Mendoza 0-0: Ball
1-0: Called Strike
1-1: Ball
2-1: Fielders Choice at 2nd, 6-4 (Groundball, 6, EV 88.1 MPH)
Top of the 1st over - 0 runs, 1 hit, 0 errors, 1 left on base; Florida State University 0 - University of Alabama 0
BOTTOM OF THE 1ST
University of Alabama Crimson Tide batting - Pitching for Florida State University Seminoles : RHP Pat Knapke
Pitching: RHP Pat Knapke
Batting: RHB Danny Rosario 0-0: Fly out, F6 (Line Drive, 56D, EV 65.0 MPH)
Batting: LHB Platon Protopsaltis 0-0: Ball
1-0: Called Strike
1-1: Called Strike
1-2: Strikes out looking
Batting: RHB B.J. Clark 0-0: Ball
1-0: Ball
2-0: Foul Ball, location: 2F
2-1: Swinging Strike
2-2: Fly out, F4 (Popup, 4M, EV 60.0 MPH)
Bottom of the 1st over - 0 runs, 0 hits, 0 errors, 0 left on base; Florida State University 0 - University of Alabama 0
TOP OF THE 2ND
Florida State University Seminoles batting - Pitching for University of Alabama Crimson Tide : LHP Bei Tsung
Batting: LHB Hastings Miller 0-0: Ball
1-0: Foul Ball, location: 2F
1-1: Ball
2-1: Foul Ball, location: 2F
2-2: Ball
3-2: Fly out, F8 (Flyball, 8RD, EV 97.5 MPH)
Batting: LHB Jeff Shields 0-0: Ball
1-0: Ball
2-0: Called Strike
2-1: Called Strike
2-2: Ball
3-2: Foul Ball, location: 2F
3-2: Foul Ball, location: 2F
3-2: Foul Ball, location: 2F
3-2: Foul Ball, location: 2F
3-2: Strikes out looking
Batting: SHB John Welsh 0-0: Foul Ball, location: 2F
0-1: Called Strike
0-2: Ball
1-2: Strikes out looking
Top of the 2nd over - 0 runs, 0 hits, 0 errors, 0 left on base; Florida State University 0 - University of Alabama 0
BOTTOM OF THE 2ND
University of Alabama Crimson Tide batting - Pitching for Florida State University Seminoles : RHP Pat Knapke
Batting: RHB Al Lara 0-0: Called Strike
0-1: Foul Ball, location: 2F
0-2: Ball
1-2: Fly out, F8 (Flyball, 8LD, EV 107.5 MPH)
Batting: RHB Danny Jaramillo 0-0: Swinging Strike
0-1: Fly out, F4 (Popup, 34S, EV 75.6 MPH)
Batting: SHB Andrew Robison 0-0: Ground out 6-3 (Groundball, 56, EV 85.6 MPH)
Bottom of the 2nd over - 0 runs, 0 hits, 0 errors, 0 left on base; Florida State University 0 - University of Alabama 0
TOP OF THE 3RD
Florida State University Seminoles batting - Pitching for University of Alabama Crimson Tide : LHP Bei Tsung
Batting: LHB Brian Clayton 0-0: Ball
1-0: Foul Ball, location: 2F
1-1: Fly out, F8 (Line Drive, 8RD, EV 83.1 MPH)
Batting: RHB J.R. Harvey 0-0: Foul Ball, location: 2F
0-1: Ball
1-1: Ball
2-1: Called Strike
2-2: Ball
3-2: Strikes out swinging
Batting: SHB Jon Odle 0-0: Foul Ball, location: 2F
0-1: Fly out, F4 (Popup, 4S, EV 68.1 MPH)
Top of the 3rd over - 0 runs, 0 hits, 0 errors, 0 left on base; Florida State University 0 - University of Alabama 0
BOTTOM OF THE 3RD
University of Alabama Crimson Tide batting - Pitching for Florida State University Seminoles : RHP Pat Knapke
Batting: LHB Dallas Shaw 0-0: Called Strike
0-1: Foul Ball, location: 2F
0-2: Strikes out swinging
Batting: SHB Eric Briseno 0-0: Swinging Strike
0-1: Swinging Strike
0-2: Strikes out swinging, 2-3 out at first.
Batting: RHB Jong-your Lee 0-0: Foul Ball, location: 2F
0-1: Called Strike
0-2: Ball
1-2: Foul Ball, location: 2F
1-2: Strikes out swinging
Bottom of the 3rd over - 0 runs, 0 hits, 0 errors, 0 left on base; Florida State University 0 - University of Alabama 0
TOP OF THE 4TH
Florida State University Seminoles batting - Pitching for University of Alabama Crimson Tide : LHP Bei Tsung
Batting: RHB George Smienk 0-0: Called Strike
0-1: Ground out U3 (Groundball, 34S, EV 86.9 MPH)
Batting: LHB John Doiron 0-0: Ball
1-0: Called Strike
1-1: Ground out 4-3 (Groundball, 4S, EV 71.9 MPH)
Batting: RHB Julio Mendoza 0-0: Foul Ball, location: 2F
0-1: Called Strike
0-2: Ball
1-2: Strikes out looking
Top of the 4th over - 0 runs, 0 hits, 0 errors, 0 left on base; Florida State University 0 - University of Alabama 0
BOTTOM OF THE 4TH
University of Alabama Crimson Tide batting - Pitching for Florida State University Seminoles : RHP Pat Knapke
Batting: RHB Danny Rosario 0-0: Ground out 5-3 (Groundball, 5S, EV 71.9 MPH)
Batting: LHB Platon Protopsaltis 0-0: Fly out, F7 (Flyball, 78M, EV 77.5 MPH)
Batting: RHB B.J. Clark 0-0: Swinging Strike
0-1: Ball
1-1: DOUBLE (Line Drive, 7LS, EV 108.1 MPH)
Batting: RHB Al Lara 0-0: Ball
1-0: Swinging Strike
1-1: Ball
2-1: Foul Ball, location: 2F
2-2: Ground out 1-3 (Groundball, 13S, EV 60.0 MPH)
Bottom of the 4th over - 0 runs, 1 hit, 0 errors, 1 left on base; Florida State University 0 - University of Alabama 0
TOP OF THE 5TH
Florida State University Seminoles batting - Pitching for University of Alabama Crimson Tide : LHP Bei Tsung
Batting: LHB Hastings Miller 0-0: Foul Ball, location: 2F
0-1: Swinging Strike
0-2: Foul Ball, location: 2F
0-2: Ball
1-2: Strikes out swinging
Batting: LHB Jeff Shields 0-0: Foul Ball, location: 2F
0-1: Swinging Strike
0-2: Ground out U3 (Groundball, 3, EV 87.5 MPH)
Batting: SHB John Welsh 0-0: Swinging Strike
0-1: Called Strike
0-2: Strikes out looking
Top of the 5th over - 0 runs, 0 hits, 0 errors, 0 left on base; Florida State University 0 - University of Alabama 0
BOTTOM OF THE 5TH
University of Alabama Crimson Tide batting - Pitching for Florida State University Seminoles : RHP Pat Knapke
Batting: RHB Danny Jaramillo 0-0: Ball
1-0: Ball
2-0: Ground out 5-3 (Groundball, 56, EV 90.6 MPH)
Batting: SHB Andrew Robison 0-0: Ball
1-0: Ball
2-0: Called Strike
2-1: Foul Ball, location: 2F
2-2: Strikes out swinging
Batting: LHB Dallas Shaw 0-0: Ball
1-0: Foul Ball, location: 2F
1-1: Swinging Strike
1-2: Strikes out looking
Bottom of the 5th over - 0 runs, 0 hits, 0 errors, 0 left on base; Florida State University 0 - University of Alabama 0
TOP OF THE 6TH
Florida State University Seminoles batting - Pitching for University of Alabama Crimson Tide : LHP Bei Tsung
Batting: LHB Brian Clayton 0-0: Called Strike
0-1: Ball
1-1: Swinging Strike
1-2: Strikes out swinging
Batting: RHB J.R. Harvey 0-0: Ball
1-0: Ball
2-0: Swinging Strike
2-1: Called Strike
2-2: Strikes out swinging
Batting: SHB Jon Odle 0-0: Ball
1-0: Ball
2-0: Foul Ball, location: 2F
2-1: Swinging Strike
2-2: Foul Ball, location: 2F
2-2: Ground out U3 (Groundball, 34S, EV 90.0 MPH)
Top of the 6th over - 0 runs, 0 hits, 0 errors, 0 left on base; Florida State University 0 - University of Alabama 0
BOTTOM OF THE 6TH
University of Alabama Crimson Tide batting - Pitching for Florida State University Seminoles : RHP Pat Knapke
Batting: SHB Eric Briseno 0-0: Ball
1-0: Swinging Strike
1-1: SINGLE (Line Drive, 78M, EV 100.6 MPH)
Batting: RHB Jong-your Lee 0-0: Swinging Strike
0-1: Foul Ball, location: 2F
0-2: Strikes out looking
Batting: RHB Danny Rosario 0-0: Ball
Eric Briseno steals 2nd base
1-0: Foul Ball, location: 2F
1-1: Ball
2-1: Ball
3-1: SINGLE (Groundball, 15S, EV 63.1 MPH) (infield hit)
Eric Briseno to third
Batting: LHB Platon Protopsaltis 0-0: Called Strike
Danny Rosario steals 2nd base
0-1: Swinging Strike
0-2: Ball
1-2: Ball
2-2: Ground out U3 (Groundball, 3, EV 108.8 MPH)
Batting: RHB B.J. Clark 0-0: Ball
1-0: Called Strike
1-1: Ball
2-1: Ball
3-1: Foul Ball, location: 2F
3-2: Foul Ball, location: 2F
3-2: Ground out 5-3 (Groundball, 5, EV 81.2 MPH)
Bottom of the 6th over - 0 runs, 2 hits, 0 errors, 2 left on base; Florida State University 0 - University of Alabama 0
TOP OF THE 7TH
Florida State University Seminoles batting - Pitching for University of Alabama Crimson Tide : LHP Bei Tsung
Pitching: RHP Peppino Mori
Batting: RHB George Smienk 0-0: Ground out 6-3 (Groundball, 6, EV 85.0 MPH)
Pitching: LHP Ralph Sandhoff
Batting: LHB John Doiron 0-0: Ball
1-0: Foul Ball, location: 2F
1-1: Called Strike
1-2: Strikes out swinging
Pitching: RHP Ken McGee
Batting: RHB Julio Mendoza 0-0: Called Strike
0-1: Ground out 1-3 (Groundball, 34S, EV 69.4 MPH)
Top of the 7th over - 0 runs, 0 hits, 0 errors, 0 left on base; Florida State University 0 - University of Alabama 0
BOTTOM OF THE 7TH
University of Alabama Crimson Tide batting - Pitching for Florida State University Seminoles : RHP Pat Knapke
Batting: RHB Al Lara 0-0: Called Strike
0-1: Ball
1-1: Called Strike
1-2: Fly out, F8 (Flyball, 89D, EV 88.1 MPH)
Batting: RHB Danny Jaramillo 0-0: Called Strike
0-1: SINGLE (Line Drive, 7S, EV 96.9 MPH)
Batting: SHB Andrew Robison 0-0: Called Strike
0-1: Ball
1-1: Swinging Strike
1-2: Strikes out swinging
Pitching: LHP Angel Villatoro
Batting: LHB Dallas Shaw 0-0: Fly out, F8 (Flyball, 8LD, EV 83.8 MPH)
Bottom of the 7th over - 0 runs, 1 hit, 0 errors, 1 left on base; Florida State University 0 - University of Alabama 0
TOP OF THE 8TH
Florida State University Seminoles batting - Pitching for University of Alabama Crimson Tide : RHP Ken McGee
Batting: LHB Hastings Miller 0-0: Ball
1-0: Called Strike
1-1: Ball
2-1: Called Strike
2-2: Strikes out swinging
Batting: LHB Jeff Shields 0-0: Called Strike
0-1: Foul Ball, location: 2F
0-2: Foul Ball, location: 2F
0-2: Ball
1-2: Strikes out looking
Batting: SHB John Welsh 0-0: Ball
1-0: Ball
2-0: Ground out 6-3 (Groundball, 6M, EV 81.9 MPH)
Top of the 8th over - 0 runs, 0 hits, 0 errors, 0 left on base; Florida State University 0 - University of Alabama 0
BOTTOM OF THE 8TH
University of Alabama Crimson Tide batting - Pitching for Florida State University Seminoles : LHP Angel Villatoro
Batting: SHB Eric Briseno 0-0: Called Strike
0-1: Ball
1-1: Ball
2-1: Ground out 4-3 (Groundball, 4, EV 87.5 MPH)
Batting: RHB Jong-your Lee 0-0: Ball
1-0: Ground out 5-3 (Groundball, 56, EV 81.9 MPH)
Batting: RHB Danny Rosario 0-0: Foul Ball, location: 2F
0-1: Foul Ball, location: 2F
0-2: Strikes out swinging
Bottom of the 8th over - 0 runs, 0 hits, 0 errors, 0 left on base; Florida State University 0 - University of Alabama 0
TOP OF THE 9TH
Florida State University Seminoles batting - Pitching for University of Alabama Crimson Tide : RHP Ken McGee
Batting: LHB Brian Clayton 0-0: Ground out U3 (Groundball, 3, EV 102.5 MPH)
Batting: RHB J.R. Harvey 0-0: Called Strike
0-1: Ball
1-1: Called Strike
1-2: Ground out U3 (Groundball, 3, EV 89.4 MPH)
Batting: SHB Jon Odle 0-0: Ball
1-0: Ground out U3 (Groundball, 34, EV 103.8 MPH)
Top of the 9th over - 0 runs, 0 hits, 0 errors, 0 left on base; Florida State University 0 - University of Alabama 0
BOTTOM OF THE 9TH
University of Alabama Crimson Tide batting - Pitching for Florida State University Seminoles : LHP Angel Villatoro
Pitching: RHP Bobby Rodriquez
Batting: LHB Platon Protopsaltis 0-0: Ball
1-0: Called Strike
1-1: Foul Ball, location: 2F
1-2: Ball
2-2: Strikes out swinging
Batting: RHB B.J. Clark 0-0: Ball
1-0: Called Strike
1-1: Ball
2-1: Called Strike
2-2: Strikes out looking
Batting: RHB Al Lara 0-0: Ball
1-0: Ground out 6-3 (Groundball, 6, EV 81.2 MPH)
Bottom of the 9th over - 0 runs, 0 hits, 0 errors, 0 left on base; Florida State University 0 - University of Alabama 0
TOP OF THE 10TH
Florida State University Seminoles batting - Pitching for University of Alabama Crimson Tide : RHP Ken McGee
Pitching: RHP Luiz Schantz
Batting: RHB George Smienk 0-0: Ball
1-0: Fly out, F7 (Flyball, 78S, EV 85.0 MPH)
Batting: LHB John Doiron 0-0: Called Strike
0-1: Ball
1-1: Swinging Strike
1-2: Strikes out swinging
Batting: RHB Julio Mendoza 0-0: Called Strike
0-1: Ball
1-1: Fly out, F9 (Flyball, 9, EV 90.0 MPH)
Top of the 10th over - 0 runs, 0 hits, 0 errors, 0 left on base; Florida State University 0 - University of Alabama 0
BOTTOM OF THE 10TH
University of Alabama Crimson Tide batting - Pitching for Florida State University Seminoles : RHP Bobby Rodriquez
Batting: RHB Danny Jaramillo 0-0: Called Strike
0-1: Ball
1-1: Called Strike
1-2: Foul Ball, location: 2F
1-2: Strikes out swinging
Batting: SHB Andrew Robison 0-0: Ball
1-0: Swinging Strike
1-1: Ball
2-1: Ball
3-1: Ground out U3 (Groundball, 3, EV 91.2 MPH)
Batting: LHB Dallas Shaw 0-0: Fly out, F8 (Flyball, 8LXD, EV 91.2 MPH)
Bottom of the 10th over - 0 runs, 0 hits, 0 errors, 0 left on base; Florida State University 0 - University of Alabama 0
TOP OF THE 11TH
Florida State University Seminoles batting - Pitching for University of Alabama Crimson Tide : RHP Luiz Schantz
Batting: LHB Hastings Miller 0-0: Called Strike
0-1: Ball
1-1: Ball
2-1: Foul Ball, location: 2F
2-2: Strikes out swinging
Batting: LHB Jeff Shields 0-0: Ball
1-0: Foul Ball, location: 2F
1-1: Swinging Strike
1-2: Foul Ball, location: 2F
1-2: Strikes out swinging
Batting: SHB John Welsh 0-0: Ball
1-0: Ground out U3 (Groundball, 3, EV 86.9 MPH)
Top of the 11th over - 0 runs, 0 hits, 0 errors, 0 left on base; Florida State University 0 - University of Alabama 0
BOTTOM OF THE 11TH
University of Alabama Crimson Tide batting - Pitching for Florida State University Seminoles : RHP Bobby Rodriquez
Batting: SHB Eric Briseno 0-0: Called Strike
0-1: SINGLE (Groundball, 34D, EV 101.2 MPH)
Batting: RHB Jong-your Lee 0-0: Bunted foul
0-1: Bunt missed!
0-2: Strikes out looking
Batting: RHB Danny Rosario 0-0: Grounds into double play, 6-4-3 (Groundball, 6, EV 102.5 MPH)
Bottom of the 11th over - 0 runs, 1 hit, 0 errors, 0 left on base; Florida State University 0 - University of Alabama 0
TOP OF THE 12TH
Florida State University Seminoles batting - Pitching for University of Alabama Crimson Tide : RHP Luiz Schantz
Batting: LHB Brian Clayton 0-0: Ball
1-0: Swinging Strike
1-1: Swinging Strike
1-2: Ball
2-2: Strikes out swinging
Batting: RHB J.R. Harvey 0-0: Ball
1-0: Ball
2-0: Called Strike
2-1: Swinging Strike
2-2: Foul Ball, location: 2F
2-2: Strikes out swinging
Batting: SHB Jon Odle 0-0: Ball
1-0: Foul Ball, location: 2F
1-1: Foul Ball, location: 2F
1-2: Ground out 6-3 (Groundball, 56, EV 84.4 MPH)
Top of the 12th over - 0 runs, 0 hits, 0 errors, 0 left on base; Florida State University 0 - University of Alabama 0
BOTTOM OF THE 12TH
University of Alabama Crimson Tide batting - Pitching for Florida State University Seminoles : RHP Bobby Rodriquez
Batting: LHB Platon Protopsaltis 0-0: Ball
1-0: Swinging Strike
1-1: Called Strike
1-2: Ground out 5-3 (Groundball, 5, EV 85.0 MPH)
Batting: RHB B.J. Clark 0-0: Ball
1-0: SINGLE (Flyball, 9S, EV 91.2 MPH)
Batting: RHB Al Lara 0-0: Called Strike
0-1: Foul Ball, location: 2F
0-2: Ball
1-2: Foul Ball, location: 2F
1-2: Fly out, F8 (Flyball, 8RXD, EV 90.6 MPH)
Batting: RHB Danny Jaramillo 0-0: Foul Ball, location: 2F
0-1: Ball
1-1: Called Strike
1-2: Foul Ball, location: 2F
1-2: Ball
2-2: Ball
3-2: Foul Ball, location: 2F
3-2: Strikes out swinging
Bottom of the 12th over - 0 runs, 1 hit, 0 errors, 1 left on base; Florida State University 0 - University of Alabama 0
TOP OF THE 13TH
Florida State University Seminoles batting - Pitching for University of Alabama Crimson Tide : RHP Luiz Schantz
Pitching: RHP Cameron Dickens
Batting: RHB George Smienk 0-0: Ground out 4-3 (Groundball, 4, EV 100.6 MPH)
Batting: LHB John Doiron 0-0: Ball
1-0: Foul Ball, location: 2F
1-1: Ground out 5-3 (Groundball, 56, EV 81.9 MPH)
Batting: RHB Julio Mendoza 0-0: Ball
1-0: Called Strike
1-1: Ball
2-1: Ball
3-1: Called Strike
3-2: Strikes out swinging
Top of the 13th over - 0 runs, 0 hits, 0 errors, 0 left on base; Florida State University 0 - University of Alabama 0
BOTTOM OF THE 13TH
University of Alabama Crimson Tide batting - Pitching for Florida State University Seminoles : RHP Bobby Rodriquez
Batting: SHB Andrew Robison 0-0: Called Strike
0-1: Foul Ball, location: 2F
0-2: Strikes out swinging
Batting: LHB Dallas Shaw 0-0: Ball
1-0: Called Strike
1-1: Ball
2-1: Foul Ball, location: 2F
2-2: Strikes out swinging
Batting: SHB Eric Briseno 0-0: Ground out 4-3 (Groundball, 34D, EV 83.8 MPH)
Bottom of the 13th over - 0 runs, 0 hits, 0 errors, 0 left on base; Florida State University 0 - University of Alabama 0
TOP OF THE 14TH
Florida State University Seminoles batting - Pitching for University of Alabama Crimson Tide : RHP Cameron Dickens
Batting: LHB Hastings Miller 0-0: Ball
1-0: Called Strike
1-1: Called Strike
1-2: Ball
2-2: Strikes out swinging
Batting: LHB Jeff Shields 0-0: Swinging Strike
0-1: Ball
1-1: Foul Ball, location: 2F
1-2: Foul Ball, location: 2F
1-2: Strikes out swinging
Batting: SHB John Welsh 0-0: Called Strike
0-1: Swinging Strike
0-2: Ball
1-2: Ball
2-2: Strikes out swinging
Top of the 14th over - 0 runs, 0 hits, 0 errors, 0 left on base; Florida State University 0 - University of Alabama 0
BOTTOM OF THE 14TH
University of Alabama Crimson Tide batting - Pitching for Florida State University Seminoles : RHP Bobby Rodriquez
Pitching: RHP Adam Todd
Batting: RHB Jong-your Lee 0-0: Swinging Strike
0-1: Swinging Strike
0-2: Ball
1-2: Ball
2-2: Foul Ball, location: 2F
2-2: Ball
3-2: Foul Ball, location: 2F
3-2: Foul Ball, location: 2F
3-2: Strikes out looking
Batting: RHB Danny Rosario 0-0: Ball
1-0: Swinging Strike
1-1: Called Strike
1-2: Ground out 6-3 (Groundball, 6, EV 92.5 MPH)
Batting: LHB Platon Protopsaltis 0-0: Ball
1-0: Called Strike
1-1: Foul Ball, location: 2F
1-2: Ball
2-2: Ball
3-2: Strikes out swinging
Bottom of the 14th over - 0 runs, 0 hits, 0 errors, 0 left on base; Florida State University 0 - University of Alabama 0
TOP OF THE 15TH
Florida State University Seminoles batting - Pitching for University of Alabama Crimson Tide : RHP Cameron Dickens
Batting: LHB Brian Clayton 0-0: Ground out 4-3 (Groundball, 4, EV 84.4 MPH)
Batting: RHB J.R. Harvey 0-0: Hit by Pitch
Batting: SHB Jon Odle 0-0: Called Strike
0-1: Called Strike
0-2: Foul Ball, location: 2F
0-2: Ball
1-2: Foul Ball, location: 2F
1-2: Ball
2-2: Ball
3-2: Base on Balls
J.R. Harvey to second
Batting: RHB George Smienk 0-0: Ball
1-0: Called Strike
1-1: Foul Ball, location: 2F
1-2: Strikes out looking
Batting: LHB John Doiron 0-0: Ball
1-0: Called Strike
1-1: Ball
2-1: Called Strike
2-2: Strikes out looking
Top of the 15th over - 0 runs, 0 hits, 0 errors, 2 left on base; Florida State University 0 - University of Alabama 0
BOTTOM OF THE 15TH
University of Alabama Crimson Tide batting - Pitching for Florida State University Seminoles : RHP Adam Todd
Batting: RHB B.J. Clark 0-0: Ball
1-0: Called Strike
1-1: Ground out 6-3 (Groundball, 6, EV 80.0 MPH)
Batting: RHB Al Lara 0-0: Called Strike
0-1: Ground out 5-3 (Groundball, 56, EV 78.1 MPH)
Batting: RHB Danny Jaramillo 0-0: Ball
1-0: Fly out, F4 (Popup, 4, EV 65.6 MPH)
Bottom of the 15th over - 0 runs, 0 hits, 0 errors, 0 left on base; Florida State University 0 - University of Alabama 0
TOP OF THE 16TH
Florida State University Seminoles batting - Pitching for University of Alabama Crimson Tide : RHP Cameron Dickens
Batting: RHB Julio Mendoza 0-0: Ball
1-0: Foul Ball, location: 2F
1-1: Foul Ball, location: 2F
1-2: Strikes out looking
Batting: LHB Hastings Miller 0-0: Foul Ball, location: 2F
0-1: Foul Ball, location: 2F
0-2: Foul Ball, location: 2F
0-2: Ball
1-2: Ball
2-2: Foul Ball, location: 2F
2-2: Ground out 4-3 (Groundball, 4, EV 85.6 MPH)
Batting: LHB Jeff Shields 0-0: Called Strike
0-1: Ball
1-1: Ball
2-1: Called Strike
2-2: Strikes out looking
Top of the 16th over - 0 runs, 0 hits, 0 errors, 0 left on base; Florida State University 0 - University of Alabama 0
BOTTOM OF THE 16TH
University of Alabama Crimson Tide batting - Pitching for Florida State University Seminoles : RHP Adam Todd
Batting: SHB Andrew Robison 0-0: Called Strike
0-1: Swinging Strike
0-2: Strikes out swinging
Batting: LHB Dallas Shaw 0-0: Foul Ball, location: 2F
0-1: Swinging Strike
0-2: Ball
1-2: Ball
2-2: Ball
3-2: Strikes out swinging
Batting: SHB Eric Briseno 0-0: Ball
1-0: Called Strike
1-1: Swinging Strike
1-2: SINGLE (Groundball, 34D, EV 106.2 MPH)
Batting: RHB Jong-your Lee 0-0: Foul Ball, location: 2F
0-1: Foul Ball, location: 2F
0-2: Ball
1-2: Strikes out swinging
Bottom of the 16th over - 0 runs, 1 hit, 0 errors, 1 left on base; Florida State University 0 - University of Alabama 0
TOP OF THE 17TH
Florida State University Seminoles batting - Pitching for University of Alabama Crimson Tide : RHP Cameron Dickens
Batting: SHB John Welsh 0-0: Ball
1-0: Foul Ball, location: 2F
1-1: Ball
2-1: Ground out 3-1 (Groundball, 34, EV 83.1 MPH)
Batting: LHB Brian Clayton 0-0: Ball
1-0: Foul Ball, location: 2F
1-1: Ball
2-1: Foul Ball, location: 2F
2-2: Ground out 6-3 (Groundball, 6, EV 78.8 MPH)
Batting: RHB J.R. Harvey 0-0: Ball
1-0: Ball
2-0: Foul Ball, location: 2F
2-1: Ground out 4-3 (Groundball, 4, EV 101.9 MPH)
Top of the 17th over - 0 runs, 0 hits, 0 errors, 0 left on base; Florida State University 0 - University of Alabama 0
BOTTOM OF THE 17TH
University of Alabama Crimson Tide batting - Pitching for Florida State University Seminoles : RHP Adam Todd
Pitching: RHP Gerry Burrell
Batting: RHB Danny Rosario 0-0: Called Strike
0-1: Fly out, F8 (Flyball, 89D, EV 98.8 MPH)
Batting: LHB Platon Protopsaltis 0-0: Ball
1-0: Ball
2-0: Called Strike
2-1: Called Strike
2-2: Strikes out swinging
Batting: RHB B.J. Clark 0-0: Ball
1-0: Called Strike
1-1: Foul Ball, location: 2F
1-2: Foul Ball, location: 2F
1-2: Ball
2-2: Ball
3-2: Ground out 5-3 (Groundball, 5L, EV 106.9 MPH)
Bottom of the 17th over - 0 runs, 0 hits, 0 errors, 0 left on base; Florida State University 0 - University of Alabama 0
TOP OF THE 18TH
Florida State University Seminoles batting - Pitching for University of Alabama Crimson Tide : RHP Cameron Dickens
Pitching: LHP Kiyokazu Fujiwara
Batting: SHB Jon Odle 0-0: Ball
1-0: Swinging Strike
1-1: Called Strike
1-2: Ball
2-2: Strikes out swinging
Batting: RHB George Smienk 0-0: Ball
1-0: Swinging Strike
1-1: Swinging Strike
1-2: Foul Ball, location: 2F
1-2: Ball
2-2: Ball
3-2: Foul Ball, location: 2F
3-2: Foul Ball, location: 2F
3-2: Foul Ball, location: 2F
3-2: SINGLE (Groundball, 5S, EV 73.1 MPH) (infield hit)
Batting: LHB John Doiron 0-0: Ball
George Smienk is caught stealing 2nd base 2-6
1-0: Ball
2-0: Ball
3-0: Called Strike
3-1: Ground out 4-3 (Groundball, 4, EV 101.2 MPH)
Top of the 18th over - 0 runs, 1 hit, 0 errors, 0 left on base; Florida State University 0 - University of Alabama 0
BOTTOM OF THE 18TH
University of Alabama Crimson Tide batting - Pitching for Florida State University Seminoles : RHP Gerry Burrell
Batting: RHB Al Lara 0-0: Ball
1-0: Called Strike
1-1: Foul Ball, location: 2F
1-2: Ball
2-2: Fly out, F5 (Popup, 5S, EV 71.9 MPH)
Batting: RHB Danny Jaramillo 0-0: Ground out 6-3 (Groundball, 6, EV 87.5 MPH)
Batting: SHB Andrew Robison 0-0: Foul Ball, location: 2F
0-1: Foul Ball, location: 2F
0-2: Ball
1-2: Foul Ball, location: 2F
1-2: Ball
2-2: Strikes out looking
Bottom of the 18th over - 0 runs, 0 hits, 0 errors, 0 left on base; Florida State University 0 - University of Alabama 0
TOP OF THE 19TH
Florida State University Seminoles batting - Pitching for University of Alabama Crimson Tide : LHP Kiyokazu Fujiwara
Batting: RHB Julio Mendoza 0-0: SINGLE (Groundball, 6MD, EV 105.6 MPH)
Pinch Hitting: RHB Bart Hall 0-0: Fly out, F9 (Flyball, 9, EV 80.6 MPH)
Batting: LHB Jeff Shields 0-0: Called Strike
0-1: Called Strike
0-2: Ball
1-2: Fly out, F5 (Popup, 25F, EV 86.9 MPH)
Batting: SHB John Welsh 0-0: Called Strike
0-1: Ball
1-1: Ball
2-1: Ball
3-1: Foul Ball, location: 2F
3-2: Strikes out looking
Top of the 19th over - 0 runs, 1 hit, 0 errors, 1 left on base; Florida State University 0 - University of Alabama 0
BOTTOM OF THE 19TH
University of Alabama Crimson Tide batting - Pitching for Florida State University Seminoles : RHP Gerry Burrell
Now at C: Bart Hall
Batting: LHB Dallas Shaw 0-0: Ball
1-0: Ball
2-0: Called Strike
2-1: Foul Ball, location: 2F
2-2: Ball
3-2: Strikes out swinging
Batting: SHB Eric Briseno 0-0: Ball
1-0: Ball
2-0: Ground out 1-3 (Groundball, 13S, EV 74.4 MPH)
Batting: RHB Jong-your Lee 0-0: SINGLE (Line Drive, 89S, EV 86.9 MPH)
Batting: RHB Danny Rosario 0-0: Ball
Jong-your Lee steals 2nd base
1-0: Intentional Walk
Batting: LHB Platon Protopsaltis 0-0: Foul Ball, location: 2F
0-1: Ball
Wild Pitch!
Jong-your Lee to third
Danny Rosario to second
1-1: Ground out 4-3 (Groundball, 13, EV 85.6 MPH)
Bottom of the 19th over - 0 runs, 1 hit, 0 errors, 2 left on base; Florida State University 0 - University of Alabama 0
TOP OF THE 20TH
Florida State University Seminoles batting - Pitching for University of Alabama Crimson Tide : LHP Kiyokazu Fujiwara
Pitching: RHP Andrew Maldonado
Batting: LHB Brian Clayton 0-0: Called Strike
0-1: Called Strike
0-2: Ball
1-2: Strikes out swinging
Batting: RHB J.R. Harvey 0-0: Ball
1-0: Foul Ball, location: 2F
1-1: Ball
2-1: Ball
3-1: Ground out 4-3 (Groundball, 4, EV 95.0 MPH)
Batting: SHB Jon Odle 0-0: Ball
1-0: Ball
2-0: Called Strike
2-1: Foul Ball, location: 2F
2-2: Ground out U3 (Groundball, 3, EV 83.8 MPH)
Top of the 20th over - 0 runs, 0 hits, 0 errors, 0 left on base; Florida State University 0 - University of Alabama 0
BOTTOM OF THE 20TH
University of Alabama Crimson Tide batting - Pitching for Florida State University Seminoles : RHP Gerry Burrell
Batting: RHB B.J. Clark 0-0: SINGLE (Flyball, 6D, EV 91.2 MPH)
Batting: RHB Al Lara 0-0: Called Strike
0-1: Ball
1-1: Called Strike
1-2: Ball
2-2: Ball
3-2: Foul Ball, location: 2F
3-2: Strikes out swinging
B.J. Clark steals 2nd base
Batter strikes out.
Pitching: RHP Marty Rees
Batting: RHB Danny Jaramillo 0-0: Called Strike
0-1: Foul Ball, location: 2F
0-2: Ball
1-2: Ground out 4-3 (Groundball, 4, EV 76.9 MPH)
B.J. Clark to third
Batting: SHB Andrew Robison 0-0: Intentional Walk
Batting: LHB Dallas Shaw 0-0: Ball
1-0: Foul Ball, location: 2F
1-1: Ball
2-1: Foul Ball, location: 2F
2-2: Ball
3-2: Foul Ball, location: 2F
3-2: Ground out U3 (Groundball, 3, EV 84.4 MPH)
Bottom of the 20th over - 0 runs, 1 hit, 0 errors, 2 left on base; Florida State University 0 - University of Alabama 0
TOP OF THE 21ST
Florida State University Seminoles batting - Pitching for University of Alabama Crimson Tide : RHP Andrew Maldonado
Batting: RHB George Smienk 0-0: Called Strike
0-1: Foul Ball, location: 2F
0-2: Ball
1-2: Ball
2-2: Foul Ball, location: 2F
2-2: Foul Ball, location: 2F
2-2: Strikes out swinging
Batting: LHB John Doiron 0-0: Swinging Strike
0-1: Ball
1-1: Ball
2-1: Foul Ball, location: 2F
2-2: Strikes out looking
Batting: RHB Julio Mendoza 0-0: Swinging Strike
0-1: Ground out 6-3 (Groundball, 6, EV 80.6 MPH)
Top of the 21st over - 0 runs, 0 hits, 0 errors, 0 left on base; Florida State University 0 - University of Alabama 0
BOTTOM OF THE 21ST
University of Alabama Crimson Tide batting - Pitching for Florida State University Seminoles : RHP Marty Rees
Batting: SHB Eric Briseno 0-0: Foul Ball, location: 2F
0-1: Called Strike
0-2: Ball
1-2: Ball
2-2: Foul Ball, location: 2F
2-2: Foul Ball, location: 2F
2-2: Fly out, F9 (Flyball, 9, EV 93.8 MPH)
Batting: RHB Jong-your Lee 0-0: Ball
1-0: SOLO HOME RUN (Flyball, 7D, EV 96.2 MPH), Distance : 370 ft
Bottom of the 21st over - 1 run, 1 hit, 0 errors, 0 left on base; Florida State University 0 - University of Alabama 1
Sunday, July 16th , 2023 - OOTP Baseball 24.6 Build 69